[Event "Serbian-ch Semifinal 2024"]
[Site "Paracin"]
[Date "2024.02.09"]
[Round "6.2"]
[White "Ivanisevic, Ivan"]
[Black "Radovanovic, Nikola"]
[Result "1-0"]
[ECO "E94"]
[WhiteElo "2517"]
[BlackElo "2446"]
[Annotator "TA"]
[PlyCount "61"]
[EventDate "2024.02.04"]
[EventType "swiss"]
[EventCountry "SRB"]
[SourceTitle "playchess.com"]
[Source "ChessBase"]
[SourceQuality "1"]
[TimeControl "40/5400+30:1800+30"]

1. d4 Nf6 2. c4 g6 3. Nc3 Bg7 4. e4 d6 5. Be2 O-O 6. Nf3 e5 7. O-O exd4 8. Nxd4 Re8 9. f3 c6 10. Bg5 Qb6 11. Kh1 Ng4 12. Ndb5 $1 $16 {[%emt 0:06:44] White is better.} Nf2+ {[%emt 0:09:24] [#]} 13. Rxf2 $1 Qxf2 {[%emt 0:00:03] [#]} 14. Nc7 Qc5 $2 15. Qd2 (15. Nxe8 $142 Qxg5 16. Nc7 (16. Nxd6 Na6 $11) (16. Qxd6 $2 Be5 $19) (16. Nxg7 Kxg7 17. Qxd6 Na6 $18)) 15... Bd7 $18 16. Nxa8 {[%emt 0:05:27] Hoping for Be3.} Na6 17. Be3 Qe5 {[%emt 0:02:03] [#]} (17... Qa5 $142 18. c5 (18. Qxd6 Be6 $18) 18... Rxa8 19. cxd6 Nc5) 18. c5 $1 Rxa8 19. cxd6 Qa5 20. Rd1 Be6 21. Bd4 f6 22. Bf2 Rd8 23. Qe3 ({Much less strong is} 23. Bxa7 Nc5 $18) 23... b6 $2 {[%emt 0:01:24] [#]} (23... Nb8 24. f4 (24. Qxa7 Qxa7 25. Bxa7 f5 $18) 24... Nd7) 24. e5 $1 fxe5 (24... Qxe5 25. Qxe5) 25. Qg5 Rd7 {[%emt 0:01:47] [#]} 26. Bc4 $1 Bxc4 27. Qg4 $1 Nb8 28. Qxc4+ Kf8 29. Bh4 {[%emt 0:02:16] Qe6 would kill now.} Rf7 30. Be7+ Ke8 31. Ne4 {[%emt 0:00:12] Black got outplayed after the opening.   Weighted Error Value: White=0.21 (precise) /Black=0.81.  Loses game:     	---       	Black=1      Mistake:       	White=1     	Black=3      Inaccurate:     	White=1     	---        OK:         	White=5     	Black=3      Best:        	---       	Black=2      Strong:       	White=2     	---        Brilliant:      	White=2     	---} 1-0

[Event "Serbian-ch Semifinal 2024"]
[Site "Paracin"]
[Date "2024.02.09"]
[Round "6.3"]
[White "Tilicheev, Viacheslav"]
[Black "Injac, Teodora"]
[Result "1/2-1/2"]
[ECO "E48"]
[WhiteElo "2487"]
[BlackElo "2439"]
[Annotator "TA"]
[PlyCount "93"]
[EventDate "2024.02.04"]
[EventType "swiss"]
[EventCountry "SRB"]
[SourceTitle "playchess.com"]
[Source "ChessBase"]
[SourceQuality "1"]
[TimeControl "40/5400+30:1800+30"]

1. d4 Nf6 2. c4 e6 3. Nc3 Bb4 4. e3 O-O 5. Bd3 Re8 6. Nge2 d5 7. O-O {[%emt 0:02:36] E48: Nimzo-Indian: Rubinstein: 5 Bd3 d5 including 6 Ne2, but excluding 6 a3.} Nbd7 $1 {[%emt 0:01:03] 7...Nbd7 scores better than 7...b6.} 8. cxd5 exd5 9. Qb3 Bd6 10. f3 (10. Nxd5 {looks sharper.} Nxd5 11. Qxd5 Nc5 12. Bxh7+ Kxh7 13. Qh5+) 10... c5 $146 ({Predecessor:} 10... Nb6 11. Nb5 Bf8 12. Qc2 c6 13. Nbc3 c5 14. Bd2 g6 15. dxc5 Bxc5 16. Nd1 Nc4 17. Bxc4 dxc4 {1-0 Neverov,V (2388)-Sattarov,B (2433) Budapest FS11 GM 2022 (3)}) 11. Qc2 ({White should play} 11. Nxd5 $11 cxd4 12. Nxf6+ (12. Nxd4 Nc5 $11) (12. exd4 Nxd5 13. Qxd5 Nc5 $15) 12... Qxf6 13. exd4 (13. Nxd4 Nc5 $15)) 11... a6 $15 12. g4 c4 13. Bf5 g6 14. Bxd7 $1 Bxd7 15. g5 {[%emt 0:04:57] [#]} (15. Ng3 $1 $15) 15... Bf5 $1 $19 16. Qd1 Nh5 17. f4 Bf8 (17... f6 $19 18. gxf6 Nxf6) 18. Ng3 $17 Nxg3 19. hxg3 Qd7 20. Qf3 Rad8 21. Bd2 b5 22. Qh1 (22. a3 $17) 22... b4 23. Nd1 a5 24. Rf2 h5 25. gxh6 Kh7 26. Qh4 (26. Re2 $142) 26... Rc8 $19 (26... Bxh6 $2 27. Rh2 Kg8 28. Qxh6 $18) 27. Re2 a4 (27... Bxh6 $2 28. Rh2 Kg7 29. Qxh6+ $18) 28. a3 c3 (28... Bxh6 $2 29. Rh2 (29. axb4 Rh8 $15) 29... Kg7 30. Qxh6+ $18) 29. bxc3 bxa3 (29... Bxh6 $2 30. Rh2 (30. axb4 Kg7 $11) 30... Kg7 31. Qxh6+ $18) 30. Nf2 Qb5 (30... Bxh6 31. g4 $18) (30... Be7 $142 31. Qh1 Rb8) 31. Ree1 $19 Qb2 (31... Bxh6 32. g4 $16) 32. g4 Qxd2 33. gxf5 Rxe3 ({Black should try} 33... Rc6 $17 34. Ng4 Be7 (34... Rxc3 $2 35. fxg6+ fxg6 36. Nf6+ Kh8 37. Nxe8 $18)) 34. fxg6+ $1 $11 fxg6 35. Ng4 Be7 (35... Rexc3 36. Re7+ Bxe7 37. Qxe7+ Kh8 38. Qg7#) 36. Qxe7+ $1 Rxe7 37. Rxe7+ Kg8 $1 (37... Kh8 38. Nf6 (38. Rxa3 $2 Qd1+ 39. Kh2 Qxg4 $19) (38. Rxa3 $2 Qd1+ 39. Kf2 Qxg4 $19)) 38. Ne5 $1 Qe3+ (38... Rxc3 39. h7+ Kh8 40. Nxg6#) 39. Kg2 Qe4+ (39... Qxf4 40. h7+ Kh8 41. Nxg6#) 40. Kg1 Qe3+ ({And not} 40... Qxf4 41. h7+ Kh8 42. Nxg6#) (40... Kf8 $5 41. Rf7+ $8 Ke8 $11) 41. Kg2 Qe4+ ({Stronger than} 41... Qxf4 42. h7+ Kh8 43. Nxg6#) 42. Kg1 Kf8 (42... Qxf4 43. h7+ Kh8 44. Nxg6#) 43. Rf7+ Ke8 44. h7 Qe3+ (44... Rxc3 45. h8=Q#) 45. Kg2 Qe2+ 46. Kg1 Qe3+ ({Not} 46... Rxc3 47. h8=Q#) 47. Kg2 1/2-1/2

[Event "Serbian-ch Semifinal 2024"]
[Site "Paracin"]
[Date "2024.02.09"]
[Round "6.4"]
[White "Ratkovic, Milovan"]
[Black "Kovacevic, Aleksandar"]
[Result "1/2-1/2"]
[ECO "B13"]
[WhiteElo "2396"]
[BlackElo "2453"]
[Annotator "TA"]
[PlyCount "87"]
[EventDate "2024.02.04"]
[EventType "swiss"]
[EventCountry "SRB"]
[SourceTitle "playchess.com"]
[Source "ChessBase"]
[SourceQuality "1"]
[TimeControl "40/5400+30:1800+30"]

1. d4 Nf6 2. Nf3 d5 3. Bf4 c5 4. e3 cxd4 5. exd4 Nc6 6. c3 Bf5 7. Qb3 Qc8 8. Nbd2 e6 9. Nh4 Bg4 10. f3 Bh5 11. g4 Bg6 12. Nxg6 hxg6 13. Bd3 a6 14. Kf2 Qd7 15. Kg2 b5 16. a4 b4 17. Qd1 Bd6 18. Bg3 O-O 19. f4 (19. Qe2 $11 {keeps the balance.}) 19... bxc3 20. bxc3 Na5 21. Qf3 Rfc8 22. Rhc1 Rc6 23. h4 (23. f5 $15 Bxg3 24. hxg3 gxf5 25. gxf5) 23... Rac8 $17 24. h5 gxh5 25. gxh5 Kf8 ({Black should try} 25... Qc7 $1 $17 26. Ra2 Rxc3 27. Rxc3 Qxc3 28. Bxa6 (28. Rc2 $2 Qxc2 29. Bxc2 Rxc2 $19) 28... Qxf3+ 29. Nxf3 Ra8) 26. Bh4 $1 $11 Be7 (26... Rxc3 $6 27. Rxc3 Rxc3 28. Bxf6 gxf6 29. h6 $16) 27. f5 $1 {[%emt 0:00:31] fxe6 would now be deadly.} Ng8 {[%emt 0:00:02] Excellent horsemanship.} 28. f6 Bxf6 {[%emt 0:02:52] [#]} (28... Nxf6 $6 29. h6 $16) (28... gxf6 $5 29. Qe3 f5 $15 (29... Rxc3 $2 30. h6 $18)) 29. h6 $1 Nxh6 $1 $15 (29... Bxh4 30. h7 e5 31. Bf5 $18 (31. h8=R $2 Rf6 $19) (31. h8=Q e4 $11)) 30. Bxf6 gxf6 31. Rh1 Ng8 32. Rh8 (32. Rh7 $17 {was necessary.}) 32... Ke7 $19 33. Rah1 (33. Qg4 $142) 33... f5 $2 (33... Rxc3 $19 {and Black stays clearly on top.} 34. R1h7 Rf8 (34... Qxa4 35. Rxf7+ Kxf7 36. Rh7+ Kf8 37. Qg3 $16)) 34. Qg3 $17 {[%emt 0:00:23] aiming for Nf3.} Nf6 35. Nf3 Rxc3 36. Ne5 {[%emt 0:00:30] [#]} Qxa4 (36... Qc7 $1 $17 {...Nc4 is the strong threat.} 37. Qg7 Rxd3 (37... Rxh8 $2 38. Rxh8 Kd6 39. Qxf6 $18) 38. Qxf7+ Kd6 39. Qxc7+ Rxc7 40. Nxd3 Rc2+ 41. Kg1 Nc6) 37. Ng6+ $1 $11 {[%emt 0:00:29] The position is equal.} fxg6 38. R1h7+ Nxh7 39. Rxh7+ Kf8 {[%emt 0:00:44] And now ...Qa2+ would win.} 40. Rh8+ Kf7 41. Rh7+ Kf8 {[%emt 0:30:15] Threatens to win with ...Qa2+.} 42. Rh8+ Kf7 43. Rh7+ Kf8 {[%emt 0:00:00] White must now prevent ...Qa2+.} 44. Rh8+ {[%emt 0:00:00] Weighted Error Value: White=0.14 (very precise) /Black=0.20 (precise) .  Missed win:     	---       	Black=1      Mistake:       	White=5     	Black=2      Inaccurate:     	White=2     	Black=2      OK:         	White=12    	Black=14     Best:        	White=6     	Black=4      Strong:       	White=3     	Black=1} 1/2-1/2

[Event "Serbian-ch Semifinal 2024"]
[Site "Paracin"]
[Date "2024.02.09"]
[Round "6.5"]
[White "Nestorovic, Nikola"]
[Black "Atalik, Suat"]
[Result "1/2-1/2"]
[ECO "B33"]
[WhiteElo "2465"]
[BlackElo "2439"]
[Annotator "TA"]
[PlyCount "55"]
[EventDate "2024.02.04"]
[EventType "swiss"]
[EventCountry "SRB"]
[SourceTitle "playchess.com"]
[Source "ChessBase"]
[SourceQuality "1"]
[TimeControl "40/5400+30:1800+30"]

1. e4 c5 2. Nf3 Nc6 3. d4 cxd4 4. Nxd4 Nf6 5. Nc3 e5 6. Ndb5 d6 7. Nd5 Nxd5 8. exd5 Ne7 9. c3 Nf5 10. Bd3 Be7 11. a4 O-O 12. O-O Bd7 13. f4 exf4 14. Bxf4 a6 15. Na3 Rc8 (15... Qa5 {keeps more tension.} 16. Qf3 Nh4 17. Qe4 Ng6) 16. Kh1 Nh4 17. Nc4 Bf5 18. Bxf5 Nxf5 19. Qd3 g6 {[%emt 0:00:16] [#]} (19... Qc7 $14) 20. a5 {[%emt 0:00:29] White is much more active.} (20. g4 $1 $16 Ng7 21. Bh6) 20... Bg5 $11 {[%emt 0:04:53] The position is equal.} 21. g4 Bxf4 22. Rxf4 Ng7 23. Raf1 f5 24. gxf5 Rxf5 25. Rxf5 Nxf5 26. Ne3 Nxe3 27. Qxe3 Rc7 28. Rf4 {[%emt 0:03:36] Weighted Error Value: White=0.15 (very precise) /Black=0.08 (flawless) .  Mistake:       	White=1     	Black=1      Inaccurate:     	---       	Black=1      OK:         	White=2     	Black=5      Best:        	---       	Black=3} 1/2-1/2

[Event "Serbian-ch Semifinal 2024"]
[Site "Paracin"]
[Date "2024.02.09"]
[Round "6.6"]
[White "Bryakin, Mikhail"]
[Black "Pogorelskikh, Sofia"]
[Result "1-0"]
[ECO "D02"]
[WhiteElo "2479"]
[BlackElo "2198"]
[Annotator "TA"]
[PlyCount "145"]
[EventDate "2024.02.04"]
[EventType "swiss"]
[EventCountry "SRB"]
[SourceTitle "playchess.com"]
[Source "ChessBase"]
[SourceQuality "1"]
[TimeControl "40/5400+30:1800+30"]

1. d4 d5 2. Bf4 Nf6 3. e3 e6 4. Nd2 c5 5. c3 Nc6 6. Ngf3 cxd4 7. exd4 Nh5 8. Be3 Bd6 9. Ne5 Nf6 10. f4 O-O 11. Bd3 Ne7 12. Bf2 Nd7 13. O-O f6 14. Qh5 g6 15. Qh3 Nxe5 16. fxe5 fxe5 17. dxe5 Bxe5 18. Bc5 Bf6 19. Qe3 Rf7 20. Bxa7 (20. Nf3 $11 {remains equal.} Qc7) 20... Nc6 (20... e5 $17 21. Bb6 Qd7) 21. Bb6 $11 Bg5 22. Qc5 Qf8 23. Nf3 Qxc5+ 24. Bxc5 Bf6 25. h4 Ne5 26. Nxe5 Bxe5 27. Rxf7 Kxf7 28. Rf1+ Kg7 $1 29. a3 Bd7 30. Kf2 Bf6 31. g3 e5 32. Ke3 Rc8 33. Bb4 e4 (33... Bh3 $15 34. Rd1 Kf7) 34. Be2 $11 h5 35. Rd1 Be6 36. Kf4 Bf7 37. Bd6 d4 38. cxd4 Rc2 39. Ke3 Bd5 40. Rd2 Rxd2 41. Kxd2 Bxd4 42. b4 Kf7 43. a4 Ke6 44. Bf4 Bf6 45. a5 Be7 46. Kc3 Bf6+ 47. Kc2 Bd8 48. Bb8 Kf5 49. Bd6 Ke6 50. Bc5 Bc7 51. Bf2 Kf5 52. Be1 Be5 53. b5 Bd4 54. Bd2 e3 (54... Be5 $11) 55. Be1 (55. Kd3 $16 Bc5 56. Be1 (56. Bxe3 Be4+ 57. Kd2 Bb4+ 58. Kd1 Bxa5 $17)) 55... Bc5 (55... Ke4 $11 {keeps the balance.}) 56. Kd3 $16 Ke6 {[%emt 0:01:11] [#]} 57. Bc3 ({White should play} 57. g4 $1 $16 ) 57... Kd7 $2 {[%emt 0:02:18] [#]} (57... Bd6 $14) 58. Be5 $1 $18 Bb4 (58... Ke6 $142 59. Bd4 Bd6) 59. Kd4 (59. Kxe3 Bxa5 60. g4 hxg4 $11) 59... Bg2 (59... Bf7 $2 60. a6 (60. Kxe3 Bxa5 61. Bd3 Be8 $11) 60... bxa6 61. bxa6 $18 (61. Kxe3 a5 $11)) (59... Ke6 $142 60. a6 bxa6 61. bxa6 Ba5) 60. a6 $18 (60. Kxe3 Bxa5 61. Bd3 Ke6 $14) 60... bxa6 61. bxa6 Bd2 62. Bf4 Kc6 63. Bd3 (63. Bxe3 Be1 64. Bf4 Bf2+ 65. Ke5 Kd7 $18) 63... Bc1 (63... Kb6 $142 64. Bxe3 Be1 65. Ke5+ (65. Bxg6 Bxg3 66. Bg5 Kxa6 $16) 65... Kc7) 64. Bxe3 $18 Bb2+ 65. Kc4 Bd5+ 66. Kb4 Be5 67. Bb5+ ({Not} 67. Bxg6 Bd6+ 68. Kc3 Bxg3 $16) 67... Kc7 68. Bf4 Bxf4 69. gxf4 Kb6 70. Bd3 Bf7 71. Kc3 Kc5 72. Be4 Kb6 73. Kd4 1-0

[Event "Serbian-ch Semifinal 2024"]
[Site "Paracin"]
[Date "2024.02.09"]
[Round "6.7"]
[White "Pap, Misa"]
[Black "Cuzovic, Ognjen"]
[Result "1-0"]
[ECO "B11"]
[WhiteElo "2422"]
[BlackElo "2068"]
[Annotator "TA"]
[PlyCount "65"]
[EventDate "2024.02.04"]
[EventType "swiss"]
[EventCountry "SRB"]
[SourceTitle "playchess.com"]
[Source "ChessBase"]
[SourceQuality "1"]
[TimeControl "40/5400+30:1800+30"]

1. e4 c6 2. Nc3 d5 3. Nf3 Nf6 4. e5 Ne4 5. h3 e6 6. d3 Nxc3 7. bxc3 c5 8. g3 {[%emt 0:03:01] Black is slightly better.} Nc6 9. Bg2 Be7 10. O-O O-O 11. Re1 b6 12. h4 Bb7 13. Bg5 h6 14. Bxe7 Qxe7 15. Qd2 Rfd8 16. Nh2 Qc7 17. Ng4 h5 $2 (17... Na5 $15 {stays ahead.}) 18. Nh2 $2 (18. Nf6+ $1 $18 gxf6 19. exf6) 18... d4 (18... Nxe5 $2 19. Qf4 $18) 19. c4 Ne7 (19... Rab8 $14) 20. Qg5 $16 Bxg2 21. Kxg2 g6 22. g4 hxg4 (22... Qc6+ $16 23. Re4 Kf8 24. gxh5 Ke8) 23. Nxg4 $18 Nf5 24. Nh6+ $2 (24. h5 $18 {and White stays clearly on top.}) 24... Kh7 ({Black should try} 24... Kf8) 25. Nxf5 $16 exf5 26. h5 $1 {[%emt 0:07:11][%cal Bh4h5,Bh5h6][%mdl 32] White is more active.} Qc6+ 27. f3 (27. Kg3 $16 {And now Rh1 would win.} Kg7 28. hxg6 fxg6 29. Rh1 f4+ 30. Qxf4) 27... Kg7 $2 {[%emt 0:01:40] [#]} (27... Re8 $1 $14) 28. e6 $2 (28. h6+ $1 $18 {[%mdl 512] is the precise move to win.} Kh7 29. e6) 28... Re8 $2 (28... Rh8 $16) 29. h6+ $18 Kf8 30. Qf6 Rxe6 31. Rxe6 ({Avoid the trap} 31. h7 $2 Re2+ (31... Rxf6 32. h8=Q#) 32. Rxe2 Qxf6 $19) 31... Qxe6 32. Qg7+ (32. Qh8+ $142 Ke7 33. Qxa8 Qe2+ 34. Kh1) 32... Ke7 {[%emt 0:00:25] [#]} 33. Kf1 $1 {[%emt 0:00:07] Weighted Error Value: White=0.60/Black=0.84.  Loses game:     	---       	Black=4      Missed win:     	White=2     	---        Mistake:       	White=1     	Black=1      Inaccurate:     	---       	Black=2      OK:         	White=5     	Black=7      Best:        	White=2     	---        Strong:       	White=1     	---} ({Weaker is} 33. h7 Qe2+ 34. Kg3 f4+ 35. Kxf4 Qh2+ 36. Kg4 Qg2+ 37. Kf4 Qh2+ 38. Kg4 Qg2+ 39. Kf4 Qh2+ $11) 1-0

[Event "Serbian-ch Semifinal 2024"]
[Site "Paracin"]
[Date "2024.02.09"]
[Round "6.8"]
[White "Gusev, Mikhail"]
[Black "Milosevic, Milos"]
[Result "1/2-1/2"]
[ECO "C17"]
[WhiteElo "2117"]
[BlackElo "2388"]
[Annotator "TA"]
[PlyCount "70"]
[EventDate "2024.02.04"]
[EventType "swiss"]
[EventCountry "SRB"]
[SourceTitle "playchess.com"]
[Source "ChessBase"]
[SourceQuality "1"]
[TimeControl "40/5400+30:1800+30"]

1. e4 e6 2. d4 d5 3. Nc3 Bb4 4. e5 c5 5. Bd2 Ne7 6. Nb5 Bxd2+ 7. Qxd2 O-O 8. c3 Bd7 9. Nf3 cxd4 10. cxd4 Qb6 11. a4 Nbc6 12. a5 Qd8 13. Bd3 f6 14. a6 bxa6 15. Rxa6 fxe5 16. Nxe5 Nxe5 17. dxe5 Qb8 18. Nd6 Nc6 19. f4 Nb4 20. Ra3 Nxd3+ 21. Rxd3 Qb6 22. Ke2 (22. Rf1 $11 {remains equal.}) 22... a5 23. Rc1 a4 ({Black should play} 23... Bb5 $15 24. Nxb5 Qxb5) 24. Rdc3 Rab8 25. Rc7 {[%emt 0:04:23] Active counter play!} (25. g3 $11 {keeps the balance.}) 25... Bb5+ $1 $17 26. Kf3 $2 {[%emt 0:02:36] [#]} (26. Nxb5 $17 Qxb5+ 27. Kf3) 26... Bc4 $1 $19 27. Re7 Qd8 28. Ra7 {[%emt 0:00:53][%mdl 8192] [#]} (28. Rxe6 $2 Qd7 $19) (28. Rb7 $17) 28... Rb3+ (28... Qh4 $1 $19 {is more deadly.} 29. g3 Qh3 30. Rxa4 g5 31. Raxc4 (31. Nxc4 $2 gxf4 32. Ke2 f3+ 33. Ke3 dxc4 $19) 31... dxc4) 29. Rc3 $17 {[%emt 0:01:10][%cal Oc3b3] [#]} Qb6 (29... Qh4 $1 $17 {[%cal Ob3b2] ...Rxb2! is the strong threat.} 30. g3 Qh3 31. Rxb3 Qf1+ (31... Bxb3 $2 32. Ke3 $19) (31... axb3 32. Qg2 $17) 32. Ke3 Qg1+ (32... Bxb3 $2 33. Rb7 $19) (32... axb3 33. Rb7 $17) 33. Qf2 d4+ 34. Kf3 Qd1+ 35. Kg2 Bxb3) 30. Rb7 $11 {[%emt 0:05:43] Dancing on a razor blade. The position is equal.} Qg1 31. Rbxb3 Bxb3 32. Kg3 d4 $132 {[%emt 0:02:35][%mdl 2048] Black has counterplay} 33. Rc1 Qe3+ 34. Qxe3 dxe3 35. Rc8 Bd5 $1 {[%emt 0:00:19] Weighted Error Value: White=0.37/Black=0.29 (precise) .  Loses game:     	White=2     	---        Missed win:     	---       	Black=1      Mistake:       	White=2     	Black=2      Inaccurate:     	White=4     	Black=4      OK:         	White=8     	Black=8      Best:        	White=3     	Black=2      Strong:       	---       	Black=2      Brilliant:      	---       	Black=1} 1/2-1/2

[Event "Serbian-ch Semifinal 2024"]
[Site "Paracin"]
[Date "2024.02.09"]
[Round "6.9"]
[White "Perunovic, Miodrag"]
[Black "Ivanovic, Marko"]
[Result "0-1"]
[ECO "C41"]
[WhiteElo "2373"]
[BlackElo "2245"]
[Annotator "TA"]
[PlyCount "96"]
[EventDate "2024.02.04"]
[EventType "swiss"]
[EventCountry "SRB"]
[SourceTitle "playchess.com"]
[Source "ChessBase"]
[SourceQuality "1"]
[TimeControl "40/5400+30:1800+30"]

1. e4 d6 2. d4 Nf6 3. Nc3 e5 4. Nf3 Nbd7 5. Bc4 Be7 6. a4 O-O 7. O-O c6 8. Re1 b6 {[%emt 0:00:09] 8...h6 might become the main line.} 9. Bg5 h6 {[%emt 0:00:07] C41: Philidor Defence.} 10. Bxf6 Bxf6 11. d5 c5 12. Bf1 a6 13. Nd2 Rb8 $146 ({Predecessor:} 13... g6 14. Nc4 Qc7 15. Rb1 Rb8 {½-½ Nanu,C (2456)-Badea,B (2495) Bucharest Spring Festival 2003 (1)}) 14. Nc4 Be7 15. Na3 g6 16. Bc4 f5 17. Qd3 Ra8 18. Rab1 (18. exf5 $11 gxf5 19. f4 exf4 20. Qf1) 18... f4 $15 19. b4 (19. Qd1 $15) 19... Qc7 $2 ({Black should try} 19... cxb4 $1 $19 20. Rxb4 Nc5) 20. Rb3 {[%emt 0:14:18] [#]} (20. b5 $15) 20... g5 (20... cxb4 $1 $19 {is more deadly.} 21. Rxb4 f3) 21. Reb1 g4 22. Qd1 ({Better is} 22. Qf1) 22... h5 (22... cxb4 $17 23. Rxb4 (23. Qxg4+ Kh7 $15) 23... h5) 23. Kh1 (23. bxc5 $15 Qxc5 24. Bd3) 23... f3 24. gxf3 (24. g3 {was called for.}) 24... cxb4 $19 (24... gxf3 25. b5 a5 26. Ne2 $11 (26. Qg1+ Kh7 $15)) 25. Rxb4 Rxf3 (25... gxf3 26. Qd2 $17) 26. Qd2 Bh4 27. Bd3 Nf8 $2 (27... Rxf2 $19 28. Qh6 Nc5 (28... Qxc3 29. Qg6+ Kf8 30. Qh6+ Ke7 31. Qxh5 $17) 29. Qg6+ Qg7 30. Qxg7+ Kxg7) 28. Nd1 Qe7 29. Nc4 $2 (29. R4b3 $17 {is tougher.}) 29... Bg5 $19 30. Nde3 Bf4 31. Rg1 Qh4 32. Rg2 Rh3 33. f3 Rxf3 (33... Ng6 $142 34. Qf2 (34. Rxb6 $2 gxf3 35. Nf1 Bxd2 $19) 34... b5 (34... Rxf3 $2 35. Qxh4 Nxh4 36. Nf1 $19) 35. axb5 Qxf2 (35... Rxf3 $2 36. Qxh4 Nxh4 37. Nf1 $19) (35... axb5 $2 36. Rxb5 Qxf2 37. Rxf2 $19) 36. Rxf2 axb5 (36... gxf3 $2 37. b6 $18) 37. Rxb5 g3 (37... Rxf3 38. Rxf3 gxf3 39. Kg1 $14) (37... gxf3 38. Rb1 $11)) 34. Qe2 $19 Qh3 $2 (34... Bg5 $19 {...Ng6 would now be deadly.} 35. Rxb6 Ng6 36. Rxd6 Nf4) 35. Nd1 $2 {[%emt 0:06:12][%mdl 8192] [#]} (35. Nf5 $1 $15) 35... Ng6 $1 $19 36. Nf2 Qh4 37. Rxb6 $2 (37. Nxd6 Rg3 38. Rxg3 Bxg3 39. Nh3 Qxh3 40. Qg2 Qxg2+ 41. Kxg2) 37... Bg5 $19 ({Not} 37... Bg3 38. Qxf3 gxf3 39. Rxg3 $16) 38. Nd2 Bxd2 $2 (38... Re3 $19 {has better winning chances.} 39. Qf1 Nf4 40. Rxd6 g3 (40... Nxg2 $2 41. Qxg2 Bf4 42. Nf1 $19)) 39. Rxd6 $17 Kh7 (39... Qg5 40. Qxf3 (40. Bxa6 $2 Nh4 $19) 40... Nf4 41. Rg3 $16) 40. Rxg6 Bh6 41. Rb6 (41. Rc6 $11) 41... Be3 $17 42. Rc6 $2 (42. Rg6 $17) 42... Bxf2 $19 (42... Rxf2 $2 {perishes.} 43. Qxe3 Rf4 44. Qb6 $18) 43. Rc7+ Kh8 44. Qd2 Qf6 45. Qc3 Bd7 46. Rxd7 Bd4 $2 (46... Qf4 {( -> ...Qc1+)} 47. Qa1 Rf8) 47. Qc4 $2 (47. Qe1 $19 Rf8 48. Rb7 Rf1+ 49. Bxf1 Qxf1+ 50. Rg1 Bxg1 51. Qxf1 Rxf1 52. Kg2) 47... Rb8 48. Rg1 Rf2 0-1

[Event "Serbian-ch Semifinal 2024"]
[Site "Paracin"]
[Date "2024.02.09"]
[Round "6.10"]
[White "Krstic, Andrija Marko"]
[Black "Djordjevic, Vuk"]
[Result "0-1"]
[ECO "E15"]
[WhiteElo "2113"]
[BlackElo "2367"]
[Annotator "TA"]
[PlyCount "94"]
[EventDate "2024.02.04"]
[EventType "swiss"]
[EventCountry "SRB"]
[SourceTitle "playchess.com"]
[Source "ChessBase"]
[SourceQuality "1"]
[TimeControl "40/5400+30:1800+30"]

1. d4 Nf6 2. c4 e6 3. Nf3 b6 4. g3 Ba6 5. b3 Bb4+ 6. Bd2 Be7 7. Nc3 d5 8. cxd5 exd5 9. Bg2 O-O 10. O-O Re8 11. a3 Nbd7 12. b4 Bd6 13. Nh4 {[%emt 0:05:44][%cal Bf3h4,Bh4f5,Bf5h6][%mdl 32] White has an edge.} c6 14. Nf5 Nf8 (14... Bf8 $11) 15. Re1 (15. b5 $16 Bxb5 16. Nxb5 cxb5 17. Bg5) 15... Bc7 (15... Ne6 $11) 16. Qc2 (16. e4 $16 {Threatens to win with e5.} Bc8 17. Bg5 Bxf5 18. exf5 Rxe1+ 19. Qxe1) 16... Ne6 ({Black should try} 16... Qd7 $14) 17. Rad1 (17. e4 $16) 17... g6 $11 18. Nh6+ Kg7 19. Bc1 Bc4 $1 20. Na4 (20. e4 $11) 20... a5 $15 21. Nb2 b5 22. e4 axb4 23. e5 $2 (23. axb4 $17 {might work better.} Bb6 24. e5 Nxd4 25. Rxd4 Bxd4 26. Nxc4 dxc4 (26... bxc4 27. exf6+ Qxf6 28. Rf1 $15) 27. exf6+ Qxf6 28. Rf1) 23... Ng8 $19 24. Nxg8 Kxg8 (24... b3 $19 25. Qb1 Kxg8 (25... Rxg8 $2 26. Nd3 $17)) 25. axb4 $17 f5 26. Be3 Qd7 27. Nd3 Bb6 28. Nf4 Ra2 29. Qb1 Nxf4 30. Bxf4 Qa7 31. Be3 Qa3 $36 {[%emt 0:00:38][%mdl 2048] Black is in control.} 32. Bh3 Rb2 {[%emt 0:00:55] White is weak on the light squares} 33. Qa1 (33. Qc1 $142) 33... Ra2 {[%emt 0:01:20] Black is much more active.} 34. Qb1 Qb2 (34... Ra8 $17) 35. g4 $2 {[%emt 0:01:58][%mdl 8192] [#]} (35. Qxb2 $1 $11 Rxb2 36. g4) 35... Qxb1 $1 $19 36. Rxb1 {[%emt 0:00:04] [#]} f4 37. Bxf4 Bxd4 38. Bg3 Bc3 39. g5 $2 (39. Red1 {is a better chance.}) 39... Bxe1 {[%emt 0:00:23] Black is clearly winning.} 40. Rxe1 Rea8 41. Bd7 Ra1 42. Rxa1 Rxa1+ {[%emt 0:00:06] KRB-KB} 43. Kg2 d4 {[%emt 0:16:12] Strongly threatening ...Bd5+.} 44. Bf4 (44. e6 $142 Re1 45. Bf4) 44... Bd5+ 45. f3 Kf7 {[%emt 0:01:19] ...Ra2+ is the strong threat.} 46. Kf2 Ra2+ 47. Ke1 Bxf3 {[%emt 0:00:45] Weighted Error Value: White=0.67/Black=0.31.  Loses game:     	White=2     	---        Missed win:     	---       	Black=1      Mistake:       	White=7     	Black=4      Inaccurate:     	White=2     	Black=2      OK:         	White=11    	Black=11     Best:        	White=2     	Black=2      Strong:       	---       	Black=2      Brilliant:      	---       	Black=1} 0-1